 Dungeon Crawl Stone Soup version 0.30-a0-1160-g6e42c06551 (webtiles) character file.

Game seed: 11916233156505276673

1010 sircluck the Chopper (level 8, -8/69 HPs)
             Began as a Hill Orc Fighter on Apr 25, 2023.
             Killed from afar by an acid dragon (18 damage)
             ... with a splash of acid
             ... on level 8 of the Dungeon.
             The game lasted 00:08:33 (4746 turns).

sircluck the Chopper (Hill Orc Fighter)             Turns: 4746, Time: 00:08:33

Health: -8/69      AC:  7    Str: 21    XL:     8   Next: 21%
Magic:  8/8        EV: 10    Int:  8    God:
Gold:   167        SH:  4    Dex: 10    Spells: 7/7 levels left

rFire   . . .        a - +0 war axe
rCold   . . .        c - +0 buckler
rNeg    . . .        b - +0 scale mail
rPois   .            (no helmet)
rElec   .            (no cloak)
rCorr   .            (no gloves)
SInv    .            (no boots)
Will    .....        (no amulet) Stlth
                     (no ring)
HPRegen 0.31/turn    (no ring)
MPRegen 0.11/turn

%: no passive effects
@: no status effects
A: no striking features
a: no special abilities


You were on level 8 of the Dungeon.
You visited 2 branches of the dungeon, and saw 8 of its levels.

You collected 167 gold pieces.

Inventory:

Hand Weapons
 a - a +0 war axe (weapon)
Missiles
 d - a throwing net (quivered)
 e - 22 stones
 u - 5 poisoned darts
Armour
 b - a +0 scale mail (worn)
 c - a +0 buckler (worn)
 i - a +0 cloak
Jewellery
 g - a +6 ring of strength
 l - a ring of resist corrosion
Wands
 t - a wand of flame (17)
Scrolls
 f - a scroll of enchant weapon {unknown}
 h - 3 scrolls of identify {unknown}
 j - a scroll of acquirement {unknown}
 n - a scroll of noise {unknown}
 p - a scroll of silence {unknown}
 v - a scroll of amnesia {unknown}
 x - a scroll of enchant armour {unknown}
 y - a scroll of torment {unknown}
Potions
 m - 3 potions of degeneration {unknown}
 o - a potion of mutation {unknown}
 q - a potion of cancellation {unknown}
 r - a potion of brilliance {unknown}
 s - a potion of curing {unknown}
 w - a potion of attraction {unknown}


   Skills:
 + Level 5.6 Fighting
 + Level 7.1 Axes
 + Level 6.3 Armour
 + Level 2.2 Dodging
 + Level 1.0 Stealth
 + Level 4.5 Shields
 + Level 1.1 Evocations


You had 7 spell levels left.
You didn't know any spells.
Your spell library was empty.

Dungeon Overview and Level Annotations

Branches:
Dungeon (9/15)             Temple (1/1) D:4
   Lair: D:8-11         Orc: D:9-12

Altars:
Ashenzari
Cheibriados
Dithmenos
Elyvilon
Fedhas
Gozag
Hepliaklqana
Kikubaaqudgha
Makhleb
Nemelex Xobeh
Qazlal
Ru
Sif Muna
Trog
Uskayaw
Wu Jian
Xom
Zin
The Shining One

Shops:
D:3 [


Message History

The yak is lightly wounded.
The yak gores you!
You hit the yak.
The yak is moderately wounded.
The yak gores you.
* * * LOW HITPOINT WARNING * * *
You hit the yak but do no damage.
The yak is moderately wounded.
The yak gores you but does no damage.
You slash the yak!
The yak is heavily wounded.
The yak gores you.
* * * LOW HITPOINT WARNING * * *
The yak gores you.
* * * LOW HITPOINT WARNING * * *
A shadow imp comes into view.
The shadow imp shouts!
You closely miss the yak.
The yak is heavily wounded.
The yak gores you.
* * * LOW HITPOINT WARNING * * *
You slash the yak!
The yak is almost dead.
The yak gores you!
* * * LOW HITPOINT WARNING * * *
You slash the yak!
You kill the yak!
Your Axes skill increases to level 7!
Your Stealth skill increases to level 1!
Your Evocations skill increases to level 1!
The shadow imp barely misses you. The yak attacks as you move away!
The yak barely misses you.
The shadow imp attacks as you move away!
The shadow imp misses you. The yak attacks as you move away!
The yak completely misses you. The yak attacks as you move away!
The yak gores you but does no damage.
An acid dragon comes into view.
The acid dragon spits acid at you. The splash of acid hits you!!
You die...

##########
##........##### ###
#..........Y@.#
..###.....###5###.#
..........###.###.##
..........>..........
#.###.....###......##
#.# #.....# #####D...
#.# ##.#### #.## #.#
#.# .# #.# #.#


You could see a yak, an acid dragon (catching breath) and a shadow imp.

Vanquished Creatures
  3 yaks
  Menkaure (D:5)
  A gnoll bouda (D:4)
  A sleepcap (D:3)
  A hound (D:4)
  Jessica (D:3)
  An iguana (D:4)
  Terence (D:3)
  An orc wizard (D:4)
  Robin (D:3)
  10 gnolls
  7 adders
  A white imp (D:5)
  An ufetubus (D:4)
  A dart slug (D:1)
  3 orcs
  5 endoplasms
  3 giant cockroaches
  15 goblins
  3 hobgoblins
  2 jackals (D:1)
  4 kobolds
  A quokka (D:1)
  9 ball pythons
  4 bats
  3 frilled lizards
  6 rats
  A spectral kobold (D:2)
91 creatures vanquished.

Vanquished Creatures (others)
  17 plants (D:4)
17 creatures vanquished.

Grand Total: 108 creatures vanquished

Notes
Turn   | Place    | Note
-------+----------+-------------------------------------------
     0 | D:1      | sircluck the Hill Orc Fighter began the quest for the Orb.
     0 | D:1      | Reached XP level 1. HP: 19/19 MP: 1/1
    50 | D:1      | Reached XP level 2. HP: 16/27 MP: 2/2
   328 | D:1      | Reached skill level 3 in Axes
   328 | D:1      | Reached XP level 3. HP: 24/33 MP: 3/3
  1094 | D:2      | Reached skill level 4 in Axes
  1094 | D:2      | Reached XP level 4. HP: 36/40 MP: 4/4
  1191 | D:2      | Found a faded altar of an unknown god.
  1629 | D:3      | Noticed Terence
  1642 | D:3      | Killed Terence
  1643 | D:3      | Reached XP level 5. HP: 32/46 MP: 5/5
  1800 | D:3      | Found Ponyatz's Armour Shoppe.
  1801 | D:3      | Noticed an animated shadow dragon scales
  1802 | D:3      | Noticed an animated plate armour
  1811 | D:3      | Reached skill level 1 in Dodging
  1877 | D:3      | Noticed Jessica
  1883 | D:3      | Killed Jessica
  1884 | D:3      | Reached skill level 5 in Axes
  2188 | D:3      | Noticed Robin
  2198 | D:3      | Killed Robin
  2199 | D:3      | Reached XP level 6. HP: 30/53 MP: 6/6
  2947 | D:4      | HP: 2/53 [gnoll/+0 club[a gnoll bouda] (6)]
  3252 | D:4      | Reached skill level 5 in Armour
  3305 | D:4      | Found a staircase to the Ecumenical Temple.
  3689 | D:4      | Reached skill level 5 in Fighting
  3826 | D:4      | Found a hazy altar of Hepliaklqana.
  3916 | Temple   | Entered the Ecumenical Temple
  4090 | D:5      | Entered Level 5 of the Dungeon
  4102 | D:5      | Reached XP level 7. HP: 60/61 MP: 7/7
  4291 | D:5      | Noticed Menkaure
  4297 | D:5      | Killed Menkaure
  4505 | D:5      | You fall into a shaft and drop 3 floors!
  4535 | D:8      | Noticed a yak
  4561 | D:8      | Killed a yak
  4562 | D:8      | Reached skill level 6 in Axes
  4674 | D:8      | Noticed a yak
  4674 | D:8      | Noticed a yak
  4674 | D:8      | Noticed a yak
  4714 | D:9      | Killed a yak
  4715 | D:9      | Reached XP level 8. HP: 47/69 MP: 8/8
  4741 | D:8      | Killed a yak
  4742 | D:8      | Reached skill level 7 in Axes
  4742 | D:8      | Reached skill level 1 in Stealth
  4742 | D:8      | Reached skill level 1 in Evocations
  4746 | D:8      | Killed from afar by an acid dragon

Illustrated notes

Levels and vault maps discovered:
D:1:      lightli_arrival_chessboard, layout_loops_ring
D:2:      layout_loops_cross, dreamdust_ecumenical_altar_drowned_temple
D:3:      layout_loops_ring, serial_shops, nicolae_shop_mannequins, uniq_robin,
          uniq_terence, uniq_jessica
D:4:      layout_basic, mainiacjoe_overflow_alcove_4, minmay_temple_entry_glass,
          nicolae_grassy_gnolls
D:5:      layout_rooms, uniq_menkaure
D:8:      layout_loops_ring, uniq_psyche
D:9:      layout_loops_cross, gammafunk_ghost_hydra_chop, serial_shops, shop
Temple:   nicolae_temple_bog_church

Skill      XL: |  1  2  3  4  5  6  7  8 |
---------------+-------------------------+-----
Fighting       | 4 5 |  5.6
Axes           | 3 4 5 6 7 |  7.1
Armour         | 4 5 6 |  6.3
Dodging        | 1 2 |  2.2
Shields        | 4 |  4.5
Stealth        | 1 |  1.0
Evocations     | 1 |  1.1

Action                     |  1- 3 |  4- 6 |  7- 9 || total
---------------------------+-------+-------+-------++-------
  Melee: War axe           |    95 |   173 |    43 ||   311
  Evoke: Wand              |       |       |     8 ||     8
    Use: Potion            |       |     3 |     1 ||     4
   Stab: Invisible         |       |       |     2 ||     2
 Armour: Scale mail        |    51 |    96 |    13 ||   160
  Dodge: Dodged            |    55 |   100 |    26 ||   181
  Block: Buckler           |    21 |    41 |     8 ||    70

Table legend: (Time is in decaauts)
 A = Elapsed time spent in this place.
 B = Non-inter-level travel time spent in this place.
 C = Inter-level travel time spent in this place.
 D = Time resting spent in this place.
 E = Time spent auto-exploring this place.
 F = Levels seen in this place.
 G = Mean time per level.
                   A        B        C        D        E       F      G
               +--------+--------+--------+--------+--------+-----+--------+
         Total |   4852 |   4662 |    190 |    694 |   2895 |   8 |  606.5 |
       Dungeon |   4699 |   4515 |    184 |    694 |   2778 |   7 |  671.3 |
        Temple |    153 |    147 |      6 |      0 |    116 |   1 |  153.0 |
               +--------+--------+--------+--------+--------+-----+--------+

Top non-repeatable levels by time:
     D:3: 1320 daAuts
     D:4: 1090 daAuts
     D:1: 877 daAuts
     D:2: 743 daAuts
     D:5: 417 daAuts
     D:8: 227 daAuts
  Temple: 153 daAuts
     D:9: 22 daAuts
